 Dungeon Crawl Stone Soup version 0.32-a0-699-g1ee5eff69a (webtiles) character file.

Game seed: 5613208328346532133

7359 lunkers the Basher (level 11, -11/81 HPs)
             Began as a Coglin Berserker on Mar 13, 2024.
             Was an Elder of Trog.
             Mangled by a troll (12 damage)
             ... on level 9 of the Dungeon.
             The game lasted 00:17:39 (8622 turns).

lunkers the Basher (Coglin Berserker)               Turns: 8622, Time: 00:17:39

Health: -11/81     AC:  3    Str: 22    XL:     11   Next: 14%
Magic:  11/11      EV: 11    Int:  7    God:    Trog [****..]
Gold:   594        SH:  0    Dex: 13    Spells: 10/10 levels left

rFire   . . .        w - +2 whip (elec) {Titus}
rCold   . . .        y - +1 flail (protect) {Qinisela}
rNeg    . . .        (no body armour)
rPois   .            p - +1 helmet
rElec   .            x - +0 cloak
rCorr   .            (no gloves)
SInv    .            (no boots)
Will    .....        (amulet unavailable)
Stlth   +            (ring unavailable)
HPRegen 0.33/turn    (ring unavailable)
MPRegen 0.12/turn    (no gizmo)

%: no passive effects
@: on berserk cooldown, slowed, very slow
A: off-hand wielding, slow wielding, warmup strikes, no jewellery
a: Invent Gizmo, Renounce Religion, Berserk, Trog's Hand, Brothers in Arms


You were on level 9 of the Dungeon.
You worshipped Trog.
Trog was greatly pleased with you.
You visited 1 branch of the dungeon, and saw 9 of its levels.

You collected 594 gold pieces.

Inventory:

Hand Weapons
 b - a +2 heavy flail
 c - a +0 flail {Masataka}
 h - a +0 morningstar {Ishpreet}
 j - a +0 flail {Ferran}
 w - a +2 whip of electrocution (weapon) {Titus}
 y - a +1 flail of protection (offhand) {Qinisela}
 z - a +0 flail of protection
Armour
 l - a +0 ring mail
 p - a +1 helmet (worn)
 q - a +3 leather armour
 x - a +0 cloak (worn)
 B - a +2 ring mail of fire resistance
Wands
 m - a wand of paralysis (29)
 o - a wand of flame (21)
 r - a wand of warping (8)
 t - a wand of polymorph (22)
Scrolls
 a - a scroll of poison {unknown}
 d - 2 scrolls of identify
 g - a scroll of immolation {unknown}
 i - 2 scrolls of fog
 n - a scroll of revelation
Potions
 e - a potion of haste
 f - 2 potions of cancellation
 k - 3 potions of brilliance
 s - a potion of attraction
 u - 4 potions of curing
 v - 4 potions of enlightenment
 A - a potion of heal wounds


   Skills:
 + Level 5.9 Fighting
 - Level 14.0 Maces & Flails
 - Level 1.7 Armour
 - Level 1.7 Dodging
 - Level 7.0 Evocations


You had 10 spell levels left.
You didn't know any spells.
Your spell library was empty.

Dungeon Overview and Level Annotations

Branches:
Dungeon (9/15)             Temple (0/1) D:5            Lair (0/5) D:8
    Orc: D:9-12

Altars:
Dithmenos
Sif Muna
Vehumet
Wu Jian
Xom

Shops:
D:5 *   D:6 :   D:7 ?(   D:9 !


Innate Abilities, Weirdness & Mutations

You can wield a second weapon in your off-hand.
It takes a long time for you to wield or remove held weapons.
Your first few attacks do less damage.
You cannot equip rings or amulets.


Message History

You feel yourself slow down.
You feel sick.
You are no longer poisoned.
You see here a +2 ring mail of fire resistance.
B - a +2 ring mail of fire resistance Your attacks no longer feel as feeble.
Things that are here:
a +0 whip; a +0 leather armour
Things that are here:
a +0 war axe; a +0 chain mail You start removing your armour.
You continue removing your +3 leather armour.
The troll shouts!
You continue removing your +3 leather armour. x3
You finish removing your +3 leather armour.
You start putting on your armour.
You continue putting on your +2 ring mail of fire resistance.
The troll bites you. The troll misses you. The troll barely misses you.
The troll bites you but does no damage. The troll claws you.
The troll claws you but does no damage.
You continue putting on your +2 ring mail of fire resistance.
The troll closely misses you. The troll claws you.
The troll claws you but does no damage.
You continue putting on your +2 ring mail of fire resistance.
The troll bites you!
* * * LOW HITPOINT WARNING * * *
The troll claws you!
* * * LOW HITPOINT WARNING * * *
The troll claws you!
* * * LOW HITPOINT WARNING * * *
The troll misses you. The troll claws you!
* * * LOW HITPOINT WARNING * * *
The troll misses you.
You continue putting on your +2 ring mail of fire resistance.
The troll bites you!
* * * LOW HITPOINT WARNING * * *
The troll claws you!
* * * LOW HITPOINT WARNING * * *
The troll claws you!
You die...

#.#####.####
#.#.........
#.#.#.#.#.#.
#.#.).......
#.#)#.#.#.#.
##..)†..?...
#..#.#.#.#?#
##..#.........
#..@#.#.#.#.#.
#∩#T#.[.......
#...#####.####
####..# ...
#.....# # #' #
#..[..#.#
#>#...<.#.###'#
#.#.......'....
##....<..#.###'


You could see a troll.

Vanquished Creatures
  A two-headed ogre (D:6)
  Pikel (D:4)
  A hornet (D:9)
  Grinder (D:3)
  A blink frog (D:8)
  A shadow (D:9)
  2 wyverns (D:8)
  A vampire (D:8)
  A wraith (D:9)
  A yak (D:9)
  2 steam dragons (D:8)
  Edmund (D:5)
  An acid dragon (D:9)
  2 water moccasins
  An ice beast (D:8)
  6 orc warriors
  A laughing skull (D:8)
  6 centaurs
  3 lemures (D:4)
  3 phantoms
  A kobold brigand (D:6)
  7 bullfrogs
  2 scorpions
  6 wights
  14 killer bees
  A howler monkey (D:9)
  4 bombardier beetles
  4 jellies
  3 gnoll boudas
  5 hounds
  3 orc priests
  Crazy Yiuf (D:6)
  2 sleepcaps
  Terence (D:3)
  2 orc wizards (D:8)
  Natasha (twice) (D:3)
  4 iguanas
  Robin (D:2)
  13 gnolls
  A river rat (D:3)
  8 adders
  3 white imps
  6 ufetubi
  4 dart slugs
  5 ribbon worms
  16 orcs
  4 endoplasms
  5 giant cockroaches
  8 goblins
  10 hobgoblins
  2 jackals (D:1)
  4 quokkas
  5 ball pythons
  6 bats
  3 frilled lizards
  13 kobolds
  4 rats
220 creatures vanquished.

Notes
Turn   | Place    | Note
-------+----------+-------------------------------------------
     0 | D:1      | lunkers the Coglin Berserker began the quest for the Orb.
     0 | D:1      | Reached XP level 1. HP: 18/18 MP: 1/1
    92 | D:1      | Reached skill level 3 in Maces & Flails
   171 | D:1      | Reached XP level 2. HP: 23/24 MP: 2/2
   408 | D:1      | Reached ** piety under Trog
   409 | D:1      | Reached XP level 3. HP: 29/29 MP: 3/3
   628 | D:2      | Found a shimmering altar of Xom.
   703 | D:2      | Reached skill level 4 in Maces & Flails
   964 | D:3      | Reached XP level 4. HP: 35/35 MP: 4/4
   970 | D:3      | Noticed Robin
   991 | D:2      | Killed Robin
  1254 | D:3      | Reached skill level 5 in Maces & Flails
  1254 | D:3      | Reached XP level 5. HP: 41/41 MP: 5/5
  1297 | D:3      | Noticed Natasha
  1308 | D:3      | Killed Natasha
  1699 | D:3      | Noticed Natasha
  1714 | D:3      | Killed Natasha
  1715 | D:3      | Reached XP level 6. HP: 21/47 MP: 6/6
  1738 | D:3      | Reached skill level 6 in Maces & Flails
  1940 | D:3      | Noticed Grinder
  1940 | D:3      | Noticed Terence
  1940 | D:3      | Paralysed by Grinder for 5 turns
  1947 | D:3      | Killed Terence
  1957 | D:3      | Killed Grinder
  1958 | D:3      | Reached skill level 7 in Maces & Flails
  1958 | D:3      | Reached XP level 7. HP: 52/52 MP: 7/7
  2116 | D:3      | Reached *** piety under Trog
  2318 | D:4      | Reached skill level 1 in Evocations
  2484 | D:4      | Noticed Pikel
  2500 | D:4      | Killed Pikel
  2501 | D:4      | Reached skill level 8 in Maces & Flails
  2501 | D:4      | Reached XP level 8. HP: 58/58 MP: 8/8
  3095 | D:5      | Entered Level 5 of the Dungeon
  3135 | D:5      | Reached skill level 9 in Maces & Flails
  3135 | D:5      | Reached skill level 5 in Evocations
  3135 | D:5      | Found an ornate altar of the Wu Jian Council.
  3318 | D:5      | Found a staircase to the Ecumenical Temple.
  3357 | D:5      | Found Vasi's General Store.
  3738 | D:5      | Noticed Edmund
  3760 | D:5      | Killed Edmund
  3871 | D:5      | Found a radiant altar of Vehumet.
  4082 | D:6      | Reached XP level 9. HP: 57/63 MP: 9/9
  4254 | D:6      | Noticed a walking crystal tome
  4256 | D:6      | Found Nisy's Book Shoppe.
  4256 | D:6      | Noticed a walking crystal tome
  4259 | D:6      | Noticed a two-headed ogre
  4268 | D:6      | Killed a two-headed ogre
  4269 | D:6      | Reached skill level 10 in Maces & Flails
  4558 | D:6      | Reached skill level 11 in Maces & Flails
  4738 | D:6      | Found a runed translucent door.
  4739 | D:6      | Noticed Crazy Yiuf
  4745 | D:6      | Killed Crazy Yiuf
  5236 | D:7      | Found Paopna Seife's Weapon Boutique.
  5315 | D:7      | Reached **** piety under Trog
  5476 | D:7      | Found Zaghin's Magic Scroll Shop.
  5716 | D:7      | Found a shimmering blue altar of Sif Muna.
  5745 | D:7      | Found a shadowy altar of Dithmenos.
  6506 | D:8      | Reached skill level 12 in Maces & Flails
  6506 | D:8      | Reached XP level 10. HP: 34/70 MP: 10/10
  6950 | D:8      | Found a staircase to the Lair.
  7105 | D:8      | Reached skill level 13 in Maces & Flails
  8205 | D:9      | Reached skill level 14 in Maces & Flails
  8314 | D:9      | Reached XP level 11. HP: 51/77 MP: 11/11
  8375 | D:9      | Reached skill level 5 in Fighting
  8566 | D:9      | Found Yrashoq's Distillery.
  8622 | D:9      | HP: 1/81 [troll (9)]
  8622 | D:9      | Mangled by a troll

Illustrated notes

Levels and vault maps discovered:
D:1:      psy_arrival_heroes, layout_rooms
D:2:      layout_rooms, basic_altar, grunt_decor_resistance
D:3:      layout_loops_corners, lightli_sewer_entry_pipes,
          chequers_serial_rivers_micro_e, hex_tiny, nicolae_underground_beach,
          uniq_terence, uniq_robin, uniq_grinder, uniq_natasha
D:4:      layout_loops_ring, minmay_misc_feat_four_crosses, minivault_26,
          uniq_pikel
D:5:      layout_cave_pods, lemuel_crystal_altar,
          mainiacjoe_overflow_cross_hatched, minmay_temple_entry_sparse_star,
          serial_shops, shop, uniq_edmund
D:6:      layout_basic, serial_corexii_hall, corexii_hall_statues_x,
          corexii_hall_statues_i, chequers_hall_statues_corner_a,
          corexii_hall_statues_x, corexii_hall_statues_x,
          chequers_hall_statues_wall_a, serial_shops, nicolae_shop_mannequins,
          corexii_corridor_pit, uniq_crazy_yiuf_cottage
D:7:      layout_layer_cave, mainiacjoe_overflow_two_lobes, serial_shops,
          nicolae_shop_waterfront, nicolae_shop_tiny_glass
D:8:      hangedman_cross_stitches, layout_loops_ring, dpeg_lair_monsters
D:9:      minmay_the_grid_4x2 [minmay_the_grid_garden,
          minmay_the_grid_minigrid_small, minmay_the_grid_doors,
          minmay_the_grid_pillar_ring, minmay_the_grid_tree,
          minmay_the_grid_slots, minmay_the_grid_mess,
          minmay_the_grid_prize_four_corners], layout_rooms,
          brannock_xom_greatest_gift, serial_shops, shop

Skill      XL: |  1  2  3  4  5  6  7  8  9 10 11 |
---------------+----------------------------------+-----
Maces & Flails | 3 4 5 7 8 9 12 14 | 14.0
Evocations     | 4 6 7 |  7.0
Fighting       | 4 5 |  5.9
Armour         | |  1.7
Dodging        | |  1.7

Action                     |  1- 3 |  4- 6 |  7- 9 | 10-12 || total
---------------------------+-------+-------+-------+-------++-------
  Melee: Mace              |    75 |    50 |       |       ||   125
         Whip              |    68 |    47 |   152 |   196 ||   463
         Dagger            |     2 |       |       |       ||     2
         Flail             |       |    93 |   231 |   161 ||   485
         Morningstar       |       |       |       |    42 ||    42
 Invoke: Berserk           |     1 |     1 |     4 |     6 ||    12
         Trog's Hand       |       |     2 |     1 |     2 ||     5
    Use: Scroll            |     2 |       |    13 |     2 ||    17
 Armour: Animal skin       |     8 |       |       |       ||     8
         Leather armour    |    21 |    25 |   121 |   177 ||   344
         Ring mail         |    23 |    58 |       |       ||    81
         Skin              |       |       |       |    13 ||    13
  Dodge: Dodged            |    42 |    56 |   101 |   120 ||   319

Table legend: (Time is in decaauts)
 A = Elapsed time spent in this place.
 B = Non-inter-level travel time spent in this place.
 C = Inter-level travel time spent in this place.
 D = Time resting spent in this place.
 E = Time spent auto-exploring this place.
 F = Levels seen in this place.
 G = Mean time per level.
                   A        B        C        D        E       F      G
               +--------+--------+--------+--------+--------+-----+--------+
         Total |   8656 |   8413 |    243 |    569 |   6424 |   9 |  961.8 |
       Dungeon |   8656 |   8413 |    243 |    569 |   6424 |   9 |  961.8 |
               +--------+--------+--------+--------+--------+-----+--------+

Top non-repeatable levels by time:
     D:7: 1564 daAuts
     D:8: 1497 daAuts
     D:3: 1262 daAuts
     D:6: 994 daAuts
     D:5: 942 daAuts
     D:4: 841 daAuts
     D:1: 560 daAuts
     D:2: 507 daAuts
     D:9: 485 daAuts
